 Dungeon Crawl Stone Soup version 0.28.0-55-gcd9437bce4 (webtiles) character file.

Game seed: 11328608050636651836

172 jjjjhere the Sneak (level 5, -2/24 HPs)
             Began as a Spriggan Necromancer on Jan 5, 2023.
             Splashed by a jelly's acid (8 damage)
             ... on level 3 of the Dungeon.
             The game lasted 00:06:18 (4734 turns).

jjjjhere the Sneak (Spriggan Necromancer)           Turns: 4734, Time: 00:06:19

Health: -2/24      AC:  2    Str:  4    XL:     5   Next: 27%
Magic:  12/12      EV: 17    Int: 18    God:
Gold:   61         SH:  0    Dex: 16    Spells: 7/13 levels left

rFire   + . .      SeeInvis +   o - +4 short sword (venom)
rCold   . . .      Faith    .   (no shield)
rNeg    . . .      Spirit   .   a - +0 robe
rPois   .          Reflect  .   (helmet restricted)
rElec   .          Harm     .   (no cloak)
rCorr   .          Rampage  .   (gloves unavailable)
Will    .....                   (boots unavailable)
Stlth   +++.......              (no amulet)
HPRegen 0.08/turn               j - ring of protection from fire
MPRegen 0.13/turn               (no ring)

@: very quick
A: very small, no large weapons, unfitting armour, see invisible, speed 3
a: no special abilities


You were on level 3 of the Dungeon.
You visited 1 branch of the dungeon, and saw 6 of its levels.

You collected 61 gold pieces.

Inventory:

Hand Weapons
 o - a +4 short sword of venom (weapon)
Armour
 a - a +0 robe (worn)
Jewellery
 j - a ring of protection from fire (left hand)
Wands
 b - a wand of charming (9)
Scrolls
 d - a scroll of teleportation {unknown}
 f - a scroll of brand weapon {unknown}
 g - 2 scrolls of immolation {unknown}
 h - 2 scrolls of enchant armour {unknown}
 i - a scroll of noise {unknown}
 k - 2 scrolls of identify {unknown}
 l - a scroll of acquirement {unknown}


   Skills:
 + Level 1.3 Short Blades
 - Level 2.6 Dodging
 + Level 6.0 Stealth
 - Level 4.5 Spellcasting
 + Level 0.7 Conjurations
 - Level 3.6 Necromancy
 + Level 0.8 Fire Magic


You had 7 spell levels left.
You knew the following spells:

 Your Spells              Type           Power      Damage    Failure   Level
a - Pain                  Necr           68%        1d7       3%          1
b - Animate Skeleton      Necr           34%        N/A       3%          1
c - Sticky Flame          Conj/Fire      6%         2d3       71%         4

Your spell library contained the following spells:

 Spells                   Type           Power      Damage    Failure   Level
 Vampiric Draining        Necr           17%        2d7       10%         3
 Conjure Flame            Conj/Fire      6%         6-21      30%         3
 Animate Dead             Necr           8%         N/A       32%         4
 Ignite Poison            Fire/Tmut/Pois 5%         N/A       36%         3
 Agony                    Necr           17%        N/A       65%         5


Dungeon Overview and Level Annotations

Branches:
Dungeon (6/15)
 Temple: D:4-7

Altars:

Annotations:
D:3 Robin


Innate Abilities, Weirdness & Mutations

You are very small and have problems with some larger weapons.
You are too small for most types of armour.
You have supernaturally acute eyesight. (SInv)
You cover ground extremely quickly. (Speed+++)


Message History

You hear a shout!
The kobold shouts!
You hear an angry hiss.
You hear a shout!
Found 7 arrows and a potion of curing.
The goblin shouts!
The bat closely misses you.
You hit the hobgoblin.
The hobgoblin is poisoned.
The hobgoblin is lightly wounded.
The bat hits you. The hobgoblin completely misses you.
You hit the hobgoblin.
The hobgoblin looks as sick as possible!
The hobgoblin is heavily wounded.
You kill the hobgoblin!
The bat hits you but does no damage.
A jelly comes into view.
Robin roars a battlecry!
The goblins go into a battle-frenzy!
A dart slug comes into view.
The bat closely misses you. The bat misses you.
You puncture the bat!
You kill the bat!
You closely miss the kobold. The kobold barely misses you.
You hit the kobold.
You kill the kobold!
The jelly completely misses you.
You see here a +1 short sword of draining.
You hit the jelly.
Your hands burn!
The jelly is heavily wounded.
Robin throws the goblin at you! The jelly hits you but does no damage.
You barely miss the goblin. The goblin misses you. The jelly barely misses you.
You closely miss the goblin. The goblin completely misses you.
The jelly hits you.
You are splashed with acid.
You closely miss the goblin. The goblin completely misses you.
The jelly completely misses you.
You hit the goblin.
You kill the goblin!
Robin throws the goblin at you! The goblin closely misses you.
The jelly hits you.
* * * LOW HITPOINT WARNING * * *
You are splashed with acid!
You die...

#...# #...# #...# #
### #...# .# #.#
...####.#.##.#.#..
#.#
..................
#.#
########.##.#.#.#.#
#.# #........##g# #
#.# #†#########@# #
##.###.# #J# w..
...>.#.###
#.###.g..#
.....)...#
#gl.gg....
.....#.#.#
#.).?l.....
....†#.#.#
#.####....(
.......#.# #. ....
##'#####.# .. ...
#...÷)..# ... .!


You could see a jelly, Robin, a goblin (strong) and a frilled lizard.

Vanquished Creatures
  Natasha (D:3)
  Ijyb (D:3)
  4 adders
  An ufetubus (D:3)
  A worm (D:2)
  4 dart slugs
  An orc (D:3)
  3 endoplasms
  6 giant cockroaches
  9 goblins
  3 hobgoblins
  3 jackals (D:3)
  8 kobolds
  A quokka (D:2)
  8 ball pythons
  8 bats
  2 frilled lizards (D:1)
  5 rats
69 creatures vanquished.

Notes
Turn   | Place    | Note
-------+----------+-------------------------------------------
     0 | D:1      | jjjjhere the Spriggan Necromancer began the quest for the
                  | Orb.
     0 | D:1      | Reached XP level 1. HP: 9/9 MP: 5/5
   476 | D:1      | Reached XP level 2. HP: 13/13 MP: 7/7
   492 | D:1      | Learned a level 1 spell: Animate Skeleton
   719 | D:1      | Reached skill level 4 in Stealth
   754 | D:1      | Found a faded altar of an unknown god.
  1387 | D:2      | Reached XP level 3. HP: 12/16 MP: 3/9
  2846 | D:3      | Reached skill level 5 in Stealth
  2938 | D:3      | Reached XP level 4. HP: 18/21 MP: 7/11
  4022 | D:3      | You fall into a shaft and drop 3 floors!
  4027 | D:5      | Entered Level 5 of the Dungeon
  4230 | D:5      | Learned a level 4 spell: Sticky Flame
  4257 | D:4      | Noticed a black bear
  4473 | D:3      | Noticed Natasha
  4480 | D:3      | Noticed Ijyb
  4497 | D:3      | Killed Natasha
  4498 | D:3      | Reached skill level 1 in Short Blades
  4498 | D:3      | Reached XP level 5. HP: 21/24 MP: 9/12
  4513 | D:3      | HP: 7/24 [poisoned by Ijyb]
  4516 | D:3      | HP: 3/24 [poisoned by Ijyb]
  4517 | D:3      | HP: 1/24 [rat (1)]
  4536 | D:3      | Killed Ijyb
  4537 | D:3      | Reached skill level 6 in Stealth
  4706 | D:3      | Noticed Robin
  4734 | D:3      | HP: 6/24 [jelly (3)]
  4734 | D:3      | Splashed by a jelly's acid

Illustrated notes

Levels and vault maps discovered:
D:1:      elethiomel_arrival_infinity_welcomes_careful_drivers, layout_rooms,
          shapermc_ecumenical_altar_pompeii
D:2:      layout_rooms, minmay_tetromino_l2
D:3:      layout_basic, kennysheep_another_room, uniq_terence, uniq_jessica,
          uniq_robin, uniq_natasha, uniq_ijyb
D:4:      layout_cave_pools
D:5:      layout_loops_ring, mainiacjoe_overflow_24_doors
D:6:      layout_basic, ebering_ghost_reflecting_pool,
          hangedman_decor_peaks_small, minmay_joined_circles,
          uniq_crazy_yiuf_cottage

Skill      XL: |  1  2  3  4  5 |
---------------+----------------+-----
Spellcasting   | 3 4 |  4.5
Stealth        | 4 5 6 |  6.0
Short Blades   | 1 |  1.3
Dodging        | |  2.6
Conjurations   | |  0.7
Necromancy     | |  3.6
Fire Magic     | |  0.8

Action                   |  1- 3 |  4- 6 || total
-------------------------+-------+-------++-------
Melee: Short sword       |    35 |    41 ||    76
 Cast: Pain              |    71 |    15 ||    86
       Animate Skeleton  |     1 |       ||     1
  Use: Potion            |       |     4 ||     4
 Stab: Sleeping          |     5 |     6 ||    11
Armor: Robe              |     5 |     6 ||    11
Dodge: Dodged            |    59 |    74 ||   133
